AoeStats
← jhonskull87

Arena

508238971Analyzed
4v4 RM · 12d ago on Sep 21, 2026· 55m 40s· 8 players
Game mode
Random Map
Map size
Large (8 player)
Population
200
Speed
Normal
Resources
Standard
Victory
Conquest
Starting age
Dark Age
Ending age
Imperial Age
RankedLock teamsTeams togetherTeam positionsShared explorationLock speedFull tech treeHidden civsTurbo modeCheats
Victory
Defeat
🇹🇷 Bohemians · Türkiye
671
+18
🇵🇪 Franks · Peru
594
+21
🇹🇷 Chinese · Türkiye
578
+21
🇫🇷 Persians · France
523
+23
🇵🇱 Poles · Poland
733
-22
🇩🇪 Goths · Germany
703
-21
🇨🇳 Turks · China
683
-20
🇲🇽 Persians · Mexico
680
-20
Boustos13
0:37 Loom
0:47 Loom
14:29 Feudal Age
15:42 Wheelbarrow
14:54 Town Watch
20:57 Castle Age
20:03 Gold Mining
20:04 Stone Mining
20:05 Double-Bit Axe
22:19 Hand Cart
22:05 Town Patrol
23:47 Town Patrol
34:07 Ballistics
44:02 Imperial Age
43:49 Kamandaran
43:14 Crossbowman
44:01 Thumb Ring
46:18 Chemistry
54:39 Elite War Elephant
birtanonline
0:50 Loom
14:09 Feudal Age
15:27 Wheelbarrow
14:41 Double-Bit Axe
15:10 Town Watch
16:07 Horse Collar
21:43 Castle Age
22:37 Heavy Plow
23:06 Bow Saw
22:57 Caravan
22:53 Fletching
23:04 Padded Archer Armor
25:13 Town Patrol
27:01 Chemistry
28:13 Murder Holes
28:22 Treadmill Crane
29:54 Masonry
31:31 Ballistics
31:42 Hand Cart
31:50 Fortified Wall
34:55 Imperial Age
33:58 Wagenburg Tactics
36:19 Conscription
36:12 Guilds
37:44 Two-Man Saw
37:31 Sappers
38:47 Arrowslits
39:33 Architecture
40:22 Bodkin Arrow
40:44 Leather Archer Armor
41:03 Houfnice
42:30 Elite Hussite Wagon
44:32 Coinage
45:02 Siege Engineers
49:33 Spies/Treason
v2_Snake
0:27 Loom
11:48 Feudal Age
13:04 Wheelbarrow
12:58 Double-Bit Axe
15:33 Gold Mining
16:36 Horse Collar
17:04 Town Watch
21:30 Castle Age
20:19 Stone Mining
23:35 Bow Saw
25:21 Caravan
27:03 Gold Shaft Mining
27:06 Stone Shaft Mining
26:49 Hand Cart
26:45 Heavy Plow
27:41 Town Patrol
27:35 Fletching
29:53 Padded Archer Armor
29:43 Fletching
31:14 Fervor
33:11 Fortified Wall
33:38 Bodkin Arrow
33:59 Leather Archer Armor
40:17 Imperial Age
39:08 Ballistics
40:40 Masonry
40:23 Heavy Rocket Cart
41:07 Bracer
41:38 Ring Archer Armor
42:13 Two-Man Saw
42:17 Chemistry
41:27 Elite Chu Ko Nu
53:46 Conscription
Althair
11:10 Feudal Age
11:36 Double-Bit Axe
14:38 Wheelbarrow
14:00 Gold Mining
20:48 Forging
24:51 Town Watch
28:12 Castle Age
30:39 Hand Cart
30:50 Husbandry
32:11 Hand Cart
33:28 Caravan
33:26 Light Cavalry
36:04 Town Patrol
36:22 Bow Saw
38:27 Scale Barding Armor
38:58 Iron Casting
40:28 Gold Shaft Mining
39:49 Stone Mining
40:49 Chain Barding Armor
44:25 Imperial Age
43:01 Scale Mail Armor
44:35 Murder Holes
45:03 Ballistics
44:45 Cavalier
46:19 Conscription
46:02 Chivalry
46:54 Paladin
48:54 Plate Barding Armor
49:32 Blast Furnace
48:08 Pikeman
51:34 Chain Mail Armor
51:21 Padded Archer Armor
51:11 Fletching
52:26 Capped Ram
jhonskull87
13:39 Feudal Age
11:55 Loom
14:41 Double-Bit Axe
14:41 Horse Collar
18:06 Forging
17:57 Padded Archer Armor
17:48 Fletching
19:03 Wheelbarrow
26:28 Castle Age
25:52 Scale Mail Armor
27:00 Squires
26:46 Gambesons
26:22 Pikeman
27:44 Stone Mining
28:44 Iron Casting
28:43 Bow Saw
29:22 Hand Cart
31:51 Murder Holes
Artemis0880
0:30 Loom
13:43 Feudal Age
17:45 Castle Age
15:51 Double-Bit Axe
17:13 Horse Collar
20:14 Town Watch
25:29 Wheelbarrow
25:32 Ballistics
25:38 Murder Holes
26:28 Fletching
28:59 Gold Mining
29:00 Stone Mining
32:49 Imperial Age
31:18 Stone Shaft Mining
31:03 Hand Cart
30:53 Heavy Plow
31:41 Masonry
33:40 Fervor
33:54 Bodkin Arrow
34:00 Scale Mail Armor
34:11 Forging
34:05 Squires
35:00 Anarchy
36:19 Conscription
38:15 Town Patrol
38:20 Bracer
39:49 Bow Saw
39:57 Chain Mail Armor
40:17 Iron Casting
39:47 Perfusion
40:23 Sanctity
40:33 Illumination
43:34 Two-Man Saw
43:28 Padded Archer Armor
44:29 Blast Furnace
42:59 Elite Skirmisher
Leoneo223
12:31 Feudal Age
15:59 Double-Bit Axe
16:56 Wheelbarrow
17:41 Horse Collar
20:44 Castle Age
20:53 Light Cavalry
21:39 Husbandry
21:50 Bloodlines
22:19 Gold Mining
22:19 Stone Mining
22:36 Loom
25:33 Hand Cart
25:05 Town Watch
25:10 Town Watch
25:36 Scale Barding Armor
26:46 Bow Saw
29:06 Heavy Plow
30:43 Stone Mining
31:47 Chain Barding Armor
31:40 Forging
30:57 Pikeman
35:48 Szlachta Privileges
41:28 Imperial Age
42:45 Winged Hussar
50:21 Fortified Wall
50:08 Murder Holes
50:04 Guard Tower
49:59 Arrowslits
50:27 Masonry
我在上厕所
0:28 Loom
13:02 Feudal Age
13:35 Horse Collar
13:43 Double-Bit Axe
19:40 Castle Age
18:08 Gold Mining
Connection lost

Rejoining the realm…

Still unreachable

The connection could not be restored.

Session expired

The server has moved on; the page needs a fresh start.